 Dungeon Crawl Stone Soup version 0.31.0-11-ge490571c62 (webtiles) character file.

Game seed: 14385371853909659318

5927 Arctor the Thaumaturge (level 10, -2/50 HPs)
             Began as a Deep Elf Earth Elementalist on Jan 31, 2024.
             Slain by an orc
             ... wielding a +2 flail of distortion
              (16 damage)
             ... on level 8 of the Dungeon.
             The game lasted 00:18:32 (6836 turns).

Arctor the Thaumaturge (DEEE)                       Turns: 6836, Time: 00:18:33

Health: -2/50      AC: 18    Str:  3    XL:     10   Next: 54%
Magic:  1/25       EV:  9    Int: 29    God:
Gold:   55         SH:  0    Dex: 15    Spells: 19/27 levels left

rFire   . . .        x - +4 trident (drain)
rCold   . . .        (no shield)
rNeg    + . .        u - +6 ring mail "Wastreon" {Fly Regen+ Str-2 Int+4}
rPois   .            (no helmet)
rElec   .            s - +1 cloak
rCorr   .            e - +0 pair of gloves
SInv    .            (no boots)
Will    +....        c - amulet of regeneration
Stlth   +++          l - +4 ring of protection
HPRegen 1.88/turn    m - ring of positive energy
MPRegen 0.19/turn

%: no passive effects
@: brilliant, lethally poisoned (-2 -> -3), flying
A: no striking features
a: no special abilities


You were on level 8 of the Dungeon.
You visited 2 branches of the dungeon, and saw 9 of its levels.

You collected 447 gold pieces.
You spent 392 gold pieces at shops.

Inventory:

Hand Weapons
 i - a +2 short sword of electrocution
 x - a +4 trident of draining (weapon)
 B - a +4 scimitar
 D - a +0 orcbow
 G - a +0 club
Missiles
 d - 5 curare-tipped darts
 w - 2 throwing nets
 F - 5 poisoned darts
Armour
 a - a +0 robe
 e - a +0 pair of gloves (worn)
 s - a +1 cloak (worn)
 u - the +6 ring mail "Wastreon" (worn) {Fly Regen+ Str-2 Int+4}
   (You found it on level 5 of the Dungeon)

   Str-2:     It affects your strength (-2).
   Int+4:     It affects your intelligence (+4).
   Fly:       It grants you flight.
   Regen+:    It increases your rate of health regeneration.
 y - an orb of guile
 z - a +0 robe
Magical Staves
 j - a staff of fire
Jewellery
 c - an amulet of regeneration (around neck)
 g - a ring of flight
 l - a +4 ring of protection (left hand)
 m - a ring of positive energy (right hand)
 A - an amulet of the acrobat
Wands
 p - a wand of charming (17)
 t - a wand of quicksilver (5)
 I - a wand of digging (2)
Scrolls
 f - 6 scrolls of teleportation
 h - 4 scrolls of revelation
 k - 2 scrolls of amnesia
 o - 2 scrolls of fear
 C - a scroll of enchant weapon
 E - a scroll of identify
 H - a scroll of torment
Potions
 b - a potion of magic
 q - 2 potions of enlightenment
 r - a potion of cancellation
 v - 2 potions of brilliance
Miscellaneous
 J - a tin of tremorstones (2/2)


   Skills:
 - Level 5.0 Short Blades
 + Level 3.6 Polearms
 + Level 8.3 Dodging
 - Level 7.2 Stealth
 + Level 9.0 Spellcasting
 - Level 5.5 Conjurations
 + Level 4.0 Fire Magic
 - Level 6.5 Earth Magic
 - Level 4.5 Evocations


You had 19 spell levels left.
You knew the following spells:

 Your Spells              Type           Power      Damage    Failure   Level
a - Sandblast             Erth           100%       2d20      2%          1
b - Brom's Barrelling Bo  Conj/Erth      64%        2d8       28%         4
c - Stone Arrow           Conj/Erth      100%       3d13      9%          3

Your spell library contained the following spells:

 Spells                   Type           Power      Damage    Failure   Level
 Passwall                 Erth           67%        N/A       7%          3
 Inner Flame              Hex/Fire       37%        N/A       41%         3
 Flame Wave               Conj/Fire      57%        2d14      43%         4
 Ensorcelled Hibernation  Hex/Ice        38%        N/A       45%         2
 Petrify                  Alch/Erth      48%        N/A       65%         4
 Swiftness                Air            19%        N/A       69%         3
 Sticky Flame             Fire/Alch      37%        2d8       82%         4


Dungeon Overview and Level Annotations

Branches:
Dungeon (8/15)             Temple (1/1) D:7
   Lair: D:8-11

Altars:
Ashenzari
Elyvilon
Fedhas
Gozag
Hepliaklqana
Kikubaaqudgha
Makhleb
Nemelex Xobeh
Ru
Sif Muna
Trog
Uskayaw
Wu Jian
Xom
Yredelemnul
Zin
The Shining One

Shops:
D:2 *   D:7 *:


Message History

Confirm with . or Enter, or press ? or * to list all spells.
Aiming: Sandblast (safe; 2% risk of failure)
Press: ? - help, Shift-Dir - straight line, f/p - wyvern zombie
Aim: a wyvern zombie (almost destroyed, 95% to hit)
You feel a surge of power!
The blast of sand hits the wyvern zombie!!
You destroy the wyvern zombie!
The wight hits you but does no damage.
The kobold brigand hits you but does no damage.
The kobold hits you but does no damage. The wight barely misses you.
The wight hits you but does no damage.
Your life force feels restored.
Your Fire Magic skill increases to level 4!
The kobold brigand throws a poisoned dart.
The poisoned dart hits you!
You are poisoned.
The wight hits you with a +0 spear.
* * * LOW HITPOINT WARNING * * *
The wight hits you but does no damage.
You feel sick. The wight closely misses you.
Casting: Sandblast (safe; 2% risk of failure)
Confirm with . or Enter, or press ? or * to list all spells.
Aiming: Stone Arrow (dangerous; 9% risk of failure)
Press: ? - help, Shift-Dir - straight line, f - wight
Aim: a wight, wielding a +0 spear and wearing a +0 robe (78% to hit)
You feel a surge of power!
The stone arrow hits the wight!!
You destroy the wight!
You feel sick. The kobold barely misses you.
The orc hits you but does no damage.
You blink.
The wight completely misses you.
Casting: Stone Arrow (dangerous; 9% risk of failure)
Confirm with . or Enter, or press ? or * to list all spells.
Aiming: Stone Arrow (dangerous; 9% risk of failure)
Press: ? - help, Shift-Dir - straight line, f - wight
Aim: a wight, wielding a +2 trident and wearing a +0 robe (78% to hit)
You feel a surge of power!
The stone arrow hits the wight!
The wight is almost destroyed.
You feel sick.
The gnoll splashes around in the water.
The orc hits you but does no damage. Space warps horribly around you!
You die...

..........~~≈~≈~~..Z##
####
..##.#.#~~~~###~~~~..#
..##.#.~~≈###~###≈z~.#
...####~~P#~~~~~##≈~.#
..## #~~~~~~~~~~#~~)#
### #~~~#~~~~~##≈~.#
#~~≈###~###Z~~K#
##~~~~###~~g~#.#
###~~≈~≈~@z##.#
##~~~~~#oKK.#
##....)K#### ########


You could see a kobold brigand, a wight, a gnoll, an orc, a centaur zombie and 3
kobolds.

Vanquished Creatures
  A cyclops (D:7)
  3 unseen horror zombies (D:8)
  Jeremiah (D:6)
  3 yaks (D:6)
  3 vampire mosquitoes (D:8)
  A steam dragon (D:6)
  Edmund (D:6)
  A swamp worm (D:8)
  2 water moccasins
  A hornet zombie (D:8)
  A sky beast (D:8)
  An orc warrior (D:7)
  An ice beast (D:7)
  2 ogres
  A centaur (D:7)
  A kobold brigand (D:7)
  A bullfrog (D:7)
  5 wyvern zombies (D:8)
  4 scorpions
  16 wights
  A bombardier beetle (D:7)
  2 centaur zombies (D:8)
  4 jellies
  Crazy Yiuf (D:5)
  3 orc priests (D:5)
  3 hounds
  2 iguanas (D:5)
  3 sleepcaps
  3 orc wizards (D:7)
  Natasha (D:4)
  A killer bee zombie (D:8)
  2 howler monkey zombies (D:8)
  12 gnolls
  9 adders
  A ribbon worm (D:2)
  9 orcs
  6 ball pythons
  4 bats
  5 endoplasms
  5 giant cockroaches
  5 hobgoblins
  11 jackals
  12 kobolds
  5 quokkas
  A frilled lizard (D:1)
  4 goblins
  4 rats (D:1)
169 creatures vanquished.

Notes
Turn   | Place    | Note
-------+----------+-------------------------------------------
     0 | D:1      | Arctor the Deep Elf Earth Elementalist began the quest for
                  | the Orb.
     0 | D:1      | Reached XP level 1. HP: 10/10 MP: 6/6
   326 | D:1      | Reached XP level 2. HP: 15/15 MP: 6/8
   721 | D:1      | Found a faded altar of an unknown god.
  1021 | D:2      | Reached XP level 3. HP: 19/19 MP: 7/9
  1183 | D:2      | Found Supud's General Store.
  1523 | D:3      | Reached skill level 1 in Short Blades
  1523 | D:3      | Reached XP level 4. HP: 24/24 MP: 8/11
  1707 | D:3      | Learned a level 4 spell: Brom's Barrelling Boulder
  1731 | D:3      | Reached skill level 4 in Spellcasting
  1933 | D:3      | Noticed an ogre
  1939 | D:3      | Killed an ogre
  1940 | D:3      | Reached XP level 5. HP: 28/28 MP: 11/13
  2827 | D:4      | Reached XP level 6. HP: 31/32 MP: 11/14
  2979 | D:4      | Noticed Natasha
  2985 | D:4      | Killed Natasha
  3057 | D:5      | Entered Level 5 of the Dungeon
  3148 | D:5      | Identified the +6 ring mail "Wastreon" {Fly Regen+ Str-2
                  | Int+4}
  3164 | D:5      | Learned a level 3 spell: Stone Arrow
  3203 | D:5      | Reached skill level 1 in Evocations
  3370 | D:5      | Noticed a water moccasin
  3374 | D:5      | Killed a water moccasin
  3375 | D:5      | Reached skill level 5 in Spellcasting
  3375 | D:5      | Reached XP level 7. HP: 36/36 MP: 11/16
  3563 | D:5      | Found a runed translucent door.
  3564 | D:5      | Noticed Crazy Yiuf
  3610 | D:5      | Found a sparkling altar of Nemelex Xobeh.
  3714 | D:5      | Reached skill level 5 in Stealth
  3883 | D:5      | Killed Crazy Yiuf
  4013 | D:6      | Reached skill level 5 in Earth Magic
  4178 | D:6      | Noticed Edmund
  4189 | D:6      | Killed Edmund
  4190 | D:6      | Reached skill level 5 in Dodging
  4190 | D:6      | Reached XP level 8. HP: 41/41 MP: 6/18
  4293 | D:6      | Identified the +0 scale mail of Defence {-Cast rElec Int-2
                  | Dex+5}
  4346 | D:6      | Noticed Jeremiah
  4353 | D:6      | Killed Jeremiah
  4354 | D:6      | Reached skill level 6 in Spellcasting
  4518 | D:6      | Reached skill level 1 in Polearms
  4586 | D:6      | Found a bloodstained altar of Trog.
  4599 | D:6      | Reached XP level 9. HP: 41/45 MP: 18/20
  5100 | D:7      | Reached skill level 5 in Conjurations
  5216 | D:7      | Noticed a cyclops
  5225 | D:7      | Killed a cyclops
  5226 | D:7      | Reached skill level 7 in Spellcasting
  5383 | D:7      | Found Foorah's Book Boutique.
  5396 | D:7      | Bought a book of Flames for 392 gold pieces
  5525 | D:7      | Reached skill level 5 in Short Blades
  5644 | D:7      | Found Zupp's General Store.
  5697 | D:7      | Found a staircase to the Ecumenical Temple.
  5739 | Temple   | Entered the Ecumenical Temple
  6205 | D:8      | Reached skill level 1 in Fire Magic
  6259 | D:8      | Reached XP level 10. HP: 27/50 MP: 2/23
  6403 | D:8      | Reached skill level 8 in Spellcasting
  6825 | D:8      | Reached skill level 9 in Spellcasting
  6836 | D:8      | Slain by an orc

Illustrated notes

Levels and vault maps discovered:
D:1:      matt_arrival_grand_opening, layout_basic,
          chequers_ecumenical_altar_simple, amcnicky_mini_rare_corridor_liquid
D:2:      layout_rooms, serial_shops, shop
D:3:      layout_basic
D:4:      layout_cave_pools, uniq_natasha
D:5:      layout_loops_ring, amcnicky_altar_gilded, uniq_crazy_yiuf_cottage
D:6:      layout_basic, mainiacjoe_overflow_chevrons, serial_corexii_hall,
          corexii_hall_statues_l, chequers_hall_statues_y, uniq_edmund,
          uniq_jeremiah
D:7:      layout_cave_pods, minmay_temple_entry_glassed_door, serial_shops,
          shop, nicolae_shop_trees
D:8:      layout_cave_pools, nicolae_dithmenos_shadow_blocks, serial_undead,
          serial_undead_e, serial_undead_f, serial_undead_e, serial_undead_f,
          serial_undead_a, serial_undead_e, serial_undead_d, serial_undead_e,
          serial_undead_d, serial_undead_c, worms_lemuel
Temple:   regret_index_temple_generic_petals

Skill      XL: |  1  2  3  4  5  6  7  8  9 10 |
---------------+-------------------------------+-----
Stealth        | 3 4 5 6 7 |  7.2
Dodging        | 3 4 5 6 7 8 |  8.3
Short Blades   | 1 2 3 4 5 |  5.0
Conjurations   | 2 3 4 5 |  5.5
Spellcasting   | 4 5 6 7 9 |  9.0
Earth Magic    | 4 5 6 |  6.5
Evocations     | 1 2 3 4 |  4.5
Polearms       | 1 2 3 |  3.6
Fire Magic     | 1 4 |  4.0

Action                     |  1- 3 |  4- 6 |  7- 9 | 10-12 || total
---------------------------+-------+-------+-------+-------++-------
  Melee: Unarmed           |    22 |       |       |       ||    22
         Short sword       |    29 |    54 |     4 |       ||    87
         Trident           |       |       |    44 |    45 ||    89
         Punch             |       |       |       |     1 ||     1
   Cast: Sandblast         |    34 |    49 |   100 |    52 ||   235
         Stone Arrow       |       |     1 |    20 |    10 ||    31
    Use: Potion            |       |     2 |     1 |     2 ||     5
         Scroll            |       |     9 |     1 |     2 ||    12
   Stab: Sleeping          |     2 |     5 |     3 |       ||    10
 Armour: Robe              |    32 |    41 |       |       ||    73
         Ring mail         |       |    19 |   137 |   221 ||   377
  Dodge: Dodged            |    53 |    52 |    56 |   104 ||   265
